 Dungeon Crawl Stone Soup version 0.30.1-9-gdf580d7c3d (webtiles) character file.

Game seed: 2987182974349733602

259 lonewolfV2 the Shield-Bearer (level 6, -2/48 HPs)
             Began as a Formicid Fighter on Oct 12, 2023.
             Was a Follower of the Shining One.
             Killed by nerve-wracking pain
             ... invoked by an orc priest
              (14 damage)
             ... on level 3 of the Dungeon.
             The game lasted 00:04:27 (2528 turns).

lonewolfV2 the Shield-Bearer (Formicid Fighter)     Turns: 2528, Time: 00:04:28

Health: -2/48      AC:  7    Str: 20    XL:     6   Next: 40%
Magic:  6/6        EV:  9    Int:  8    God:    the Shining One [*.....]
Gold:   137        SH:  5    Dex: 15    Spells: 5/5 levels left

rFire   . . .        a - +0 war axe
rCold   . . .        c - +0 buckler
rNeg    . . .        b - +0 scale mail
rPois   .            (helmet unavailable)
rElec   .            (no cloak)
rCorr   .            (no gloves)
SInv    +            (no boots)
Will    .....        (no amulet) Stlth
                     (no ring)
HPRegen 0.28/turn    (no ring)
MPRegen 0.10/turn

%: no passive effects
@: glowing
A: permanent stasis, dig shafts and tunnels, antennae 3, four strong arms
a: Dig, Shaft Self, Renounce Religion, Divine Shield


You were on level 3 of the Dungeon.
You worshipped the Shining One.
The Shining One was aware of your devotion.
You visited 1 branch of the dungeon, and saw 3 of its levels.

You collected 137 gold pieces.

Inventory:

Hand Weapons
 a - a +0 war axe (weapon)
Armour
 b - a +0 scale mail (worn)
 c - a +0 buckler (worn)
Scrolls
 e - a scroll of noise {unknown}
 g - a scroll of poison {unknown}
 h - a scroll of summoning {unknown}
 j - 2 scrolls of vulnerability {unknown}
Potions
 f - 3 potions of curing {unknown}
 i - 2 potions of heal wounds {unknown}
 k - a potion of berserk rage {unknown}


   Skills:
 + Level 4.0 Fighting
 + Level 4.5 Axes
 + Level 4.3 Armour
 + Level 1.0 Dodging
 + Level 0.8 Stealth
 + Level 4.7 Shields
 + Level 0.3 Invocations


You had 5 spell levels left.
You didn't know any spells.
Your spell library was empty.

Dungeon Overview and Level Annotations

Branches:
Dungeon (3/15)

Altars:
Uskayaw
The Shining One


Innate Abilities, Weirdness & Mutations

You cannot be hasted, slowed, berserked, paralysed or teleported.
You can dig through walls and to a lower floor.
You have a pair of large antennae on your head. (SInv)
Your four strong arms can wield two-handed weapons with a shield.


Message History

Unknown command.
You barely miss the orc priest.
The orc priest is moderately wounded.
You slash the orc!
You kill the orc!
The orc priest hits you with a +0 flail.
The orc priest barely misses you.
You barely miss the orc priest.
The orc priest is moderately wounded.
The orc priest hits you but does no damage.
Unknown command.
You hit the orc priest.
The orc priest is heavily wounded.
You slash the hobgoblin!
You kill the hobgoblin!
The orc priest mumbles some strange prayers to Beogh against you.
Pain shoots through your body!
A quokka comes into view.
You hit the orc priest but do no damage.
The orc priest is heavily wounded.
An adder comes into view.
The orc priest calls down the wrath of Beogh upon you.
Beogh smites you!
The orc priest hits you but does no damage.
The adder moves out of view.
You completely miss the orc priest.
The orc priest is heavily wounded.
The orc priest calls down the wrath of Beogh upon you.
Pain shoots through your body!
The adder hisses angrily.
You hit the orc priest but do no damage.
The orc priest is heavily wounded.
The orc priest hits you with a +0 flail.
* * * LOW HITPOINT WARNING * * *
Unknown command.
You hit the orc priest.
The orc priest is almost dead.
The orc priest calls down the wrath of Beogh upon you.
Pain shoots through your body!
You die...

.#####..........#
................#
#................#
........##.#######
.........>).....##
......#..†........
#.....#.##.#####.# ..#
#.....#.##.#####.###..#
.......oo@.......#....#
.#.##...##)............
#..........##.#.#.#.#
#....{.....###........#
....S.......###..#.#...#
...................#...##
.##....###..#.#..##.....
#...# #....#..##...# ..
#........#...#


You could see an orc priest, an adder and an orc.

Vanquished Creatures
  Sigmund (D:3)
  4 adders
  A worm (D:2)
  2 dart slugs
  4 orcs (D:3)
  5 ball pythons
  4 endoplasms
  3 giant cockroaches
  3 goblins
  5 hobgoblins
  3 jackals (D:1)
  2 quokkas (D:1)
  3 bats
  7 frilled lizards
  6 kobolds
  3 rats
56 creatures vanquished.

Notes
Turn   | Place    | Note
-------+----------+-------------------------------------------
     0 | D:1      | lonewolfV2 the Formicid Fighter began the quest for the
                  | Orb.
     0 | D:1      | Reached XP level 1. HP: 18/18 MP: 1/1
    47 | D:1      | Reached XP level 2. HP: 15/24 MP: 2/2
   285 | D:1      | Reached XP level 3. HP: 23/29 MP: 3/3
  1029 | D:2      | Found a hide-covered altar of Uskayaw.
  1240 | D:2      | Found a faded altar of an unknown god.
  1373 | D:2      | Prayed at the altar of an unknown god.
  1373 | D:2      | Became a worshipper of the Shining One
  1373 | D:2      | Reached * piety under the Shining One
  1599 | D:2      | Reached XP level 4. HP: 37/37 MP: 4/4
  2092 | D:3      | Noticed Sigmund
  2110 | D:3      | Killed Sigmund
  2111 | D:3      | Reached XP level 5. HP: 5/42 MP: 5/5
  2111 | D:3      | Reached XP level 6. HP: 6/48 MP: 6/6
  2496 | D:3      | Reached skill level 1 in Dodging
  2528 | D:3      | Killed from afar by an orc priest

Illustrated notes

Levels and vault maps discovered:
D:1:      eino_arrival_druids_welcome, layout_basic
D:2:      layout_loops_corners, basic_altar, dilly_ecumenical_altar_fadedgnrine
D:3:      layout_basic, mainiacjoe_overflow_swirl, serial_shops,
          nicolae_shop_temple_entry_statues_fountains, fountainhead,
          uniq_sigmund

Skill      XL: |  1  2  3  4  5  6 |
---------------+-------------------+-----
Axes           | 4 |  4.5
Fighting       | 4 |  4.0
Armour         | 4 |  4.3
Dodging        | 1 |  1.0
Stealth        | |  0.8
Shields        | |  4.7
Invocations    | |  0.3

Action                     |  1- 3 |  4- 6 || total
---------------------------+-------+-------++-------
  Melee: War axe           |    95 |    51 ||   146
 Invoke: Divine Shield     |       |     1 ||     1
    Use: Potion            |       |     1 ||     1
 Armour: Scale mail        |    50 |    17 ||    67
  Dodge: Dodged            |    57 |    22 ||    79
  Block: Buckler           |    30 |    18 ||    48
